 Dungeon Crawl Stone Soup version 0.27.0-1-g7a089689b8 (webtiles) character file.

Game seed: 8288041152946204115

1611335 shummie the Acrobat (level 27, 273/273 HPs)
             Began as a Merfolk Necromancer on Aug 9, 2021.
             Was a High Priest of Sif Muna.
             Escaped with the Orb
             ... and 3 runes on Aug 10, 2021!
             The game lasted 03:08:20 (78024 turns).

shummie the Acrobat (Merfolk Necromancer)          Turns: 78024, Time: 03:08:21

Health: 273/273    AC: 32    Str: 10    XL:     27
Magic:  39/39      EV: 28    Int: 27    God:    Sif Muna [*****.]
Gold:   4825       SH: 18    Dex: 18    Spells: 20/50 levels left

rFire    + . .     SeeInvis .     - Unarmed
rCold    + . .     Faith    .   c - +5 kite shield {rC+}
rNeg     + . .     Spirit   .   (armour currently unavailable)
rPois    ∞         Reflect  .   u - +2 helmet {Int+3}
rElec    +         Harm     .   U - +0 cloak {Will+}
rCorr    .         Rampage  .   (gloves currently unavailable)
Will     ++++.     Rnd*Rage +   (boots currently unavailable)
Stlth    ++........             K - amulet of regeneration
HPRegen  1.55/turn              F - ring of protection from fire {rF+}
MPRegen  0.26/turn              H - ring of willpower

@: statue-form, studying Maces & Flails, very slow
A: slow and powerful, torment resistance 1, boosted hp, (nimble swimmer 2),
mertail, thin skeletal structure 1, berserk 1, deformed body
0: Orb of Zot
}: 3/15 runes: barnacled, silver, gossamer
a: End Transformation, Renounce Religion, Channel Magic, Forget Spell, Divine
Exegesis


You escaped.
You worshipped Sif Muna.
Sif Muna was extremely pleased with you.
You were a living statue of rough stone.
You visited 9 branches of the dungeon, and saw 47 of its levels.
You visited the Abyss 1 time.
You also visited: Sewer and Bailey.

You collected 6837 gold pieces.
You spent 2012 gold pieces at shops.

Inventory:

Hand Weapons
 b - the +8 trident of the Octopus King {venom, rElec rPois Will+}
   (You found it on level 6 of the Lair of Beasts)

   It poisons the flesh of those it strikes.
   rElec:     It insulates you from electricity.
   rPois:     It protects you from poison.
   Will:      It increases your willpower.
 q - the +6 hunting sling of Ozonen {flame, *Slow rElec rCorr SInv}
   (You found it on level 5 of the Realm of Zot)

   Any ammunition fired from it burns those it strikes, dealing additional fire
   damage.
   rElec:     It insulates you from electricity.
   SInv:      It lets you see invisible.
   rCorr:     It protects you from acid and corrosion.
   *Slow:     It may slow you when you take damage.
Missiles
 n - 19 curare-tipped darts
 t - 17 throwing nets {=f, !d}
Armour
 c - a +5 kite shield of cold resistance (worn)
   (You found it on level 4 of the Shoals)
 u - a +2 helmet of intelligence (worn)
   (You found it on level 4 of the Dungeon)
 z - a +2 pair of boots of rampaging (melded)
   (You bought it in a shop on level 2 of the Orcish Mines)
 J - a +2 pair of gloves (melded)
   (You found it on level 7 of the Dungeon)
 M - the +4 robe of Augmentation (melded) {Str+4 Int+4 Dex+4}
   (You found it on level 3 of the Shoals)

   Str:       It affects your strength (+4).
   Int:       It affects your intelligence (+4).
   Dex:       It affects your dexterity (+4).
 U - a +0 cloak of willpower (worn)
   (You took it off a draconian knight on level 2 of the Realm of Zot)
Jewellery
 e - a ring of wizardry {wiz+}
   (You found it on level 1 of the Depths)
 x - a ring of positive energy {rN+}
   (You took it off a vault warden on level 5 of the Vaults)
 A - the ring of a Thousand Lives {rC+ Int-2 Dex+5 Slay+4}
   (You found it on level 2 of the Depths)

   [ring of slaying]

   Int:       It affects your intelligence (-2).
   Dex:       It affects your dexterity (+5).
   Slay:      It affects your accuracy & damage with ranged weapons and melee
   (+4).
   rC:        It protects you from cold.
 C - a ring of protection from cold {rC+}
   (You found it on level 4 of the Shoals)
 D - the ring of Ushamukaz {rF+ Int+4}
   (You took it off an ancient champion on level 2 of the Depths)

   [ring of protection from fire]

   Int:       It affects your intelligence (+4).
   rF:        It protects you from fire.
 F - a ring of protection from fire (left fist) {rF+}
   (You found it on level 6 of the Dungeon)
 H - a ring of willpower (right fist)
   (You bought it in a shop on level 5 of the Depths)
 K - an amulet of regeneration (around neck)
   (You bought it in a shop on level 5 of the Depths)
 S - a ring of resist corrosion
   (You found it on level 1 of the Shoals)
 Y - an amulet of the acrobat
   (You found it on level 5 of the Realm of Zot)
Wands
 f - a wand of charming (16)
   (You found it on level 4 of the Lair of Beasts)
 w - a wand of mindburst (40)
   (You found it on level 2 of the Depths)
 G - a wand of polymorph (11)
   (You found it on level 5 of the Vaults)
 O - a wand of acid (21)
   (You took it off a kobold on level 9 of the Dungeon)
 T - a wand of digging (9)
   (You found it on level 4 of the Lair of Beasts)
 V - a wand of iceblast (34)
   (You found it on level 10 of the Dungeon)
Scrolls
 h - 7 scrolls of fog
 r - 12 scrolls of teleportation {!r!d, @r3}
 B - 11 scrolls of immolation {!r}
 E - 3 scrolls of blinking {!r!d}
 I - 11 scrolls of fear
 Q - 6 scrolls of holy word {!r}
 X - 3 scrolls of vulnerability {!r!r}
Potions
 d - 10 potions of ambrosia
 g - 7 potions of haste
 i - 10 potions of flight
 k - 2 potions of mutation {!q}
 l - 16 potions of curing {@q1, !d}
 m - 5 potions of magic
 o - 2 potions of heal wounds {@q2, !d}
 s - a potion of might
 v - 3 potions of resistance
 y - 2 potions of cancellation
 L - 3 potions of lignification {!q}
 N - 4 potions of brilliance
 P - 9 potions of invisibility
Miscellaneous
 a - a tin of tremorstones (2/2)
   (You found it on level 4 of the Shoals)
 j - a phial of floods
   (You found it on level 6 of the Lair of Beasts)
 p - a box of beasts
   (You found it on level 2 of the Depths)
 R - a lightning rod (4/4)
   (You found it on level 1 of the Lair of Beasts)
 W - a condenser vane
   (You found it on level 3 of the Lair of Beasts)
 Z - a phantom mirror
   (You found it on level 1 of the Depths)


   Skills:
 + Level 23.3 Fighting
 - Level 7.0(8.0) Axes
 - Level 10.0(12.2) Polearms
 - Level 5.0 Armour
 - Level 24.0 Dodging
 - Level 6.0 Stealth
 - Level 15.0 Shields
 - Level 24.0 Unarmed Combat
 - Level 12.0 Spellcasting
 - Level 7.0 Conjurations
 - Level 9.0 Necromancy
 - Level 5.0 Translocations
 - Level 14.0 Transmutations
 - Level 8.0 Earth Magic
 - Level 13.0 Invocations
 - Level 9.0 Evocations


You had 20 spell levels left.
You knew the following spells:

 Your Spells              Type           Power      Damage    Failure   Level
a - Statue Form           Tmut/Erth      44%        N/A       6%          6
b - Irradiate             Conj/Tmut      32%        3d24      1%          5
c - Pain                  Necr           100%       1d9       1%          1
d - Dispel Undead         Necr           59%        3d21      1%          4
e - Borgnjor's Vile Clut  Necr/Erth      29%        N/A       3%          5
f - Passage of Golubria   Tloc           N/A        N/A       4%          4
w - Passwall              Tmut/Erth      55%        N/A       1%          2
B - Blink                 Tloc           N/A        N/A       1%          2
G - Apportation           Tloc           86%        N/A       1%          1

Your spell library contained the following spells:

 Spells                   Type           Power      Damage    Failure   Level
 Beastly Appendage        Tmut           100%       N/A       0%          1
 Wereblood                Tmut           75%        N/A       0%          2
 Animate Skeleton         Necr           100%       N/A       1%          1
 Foxfire                  Conj/Fire      100%       2x1d9     1%          1
 Magic Dart               Conj           100%       1d8       1%          1
 Sandblast                Erth           100%       2d20      1%          1
 Shock                    Conj/Air       100%       1d9       1%          1
 Sting                    Tmut/Pois      100%       1d8       1%          1
 Corpse Rot               Necr/Air       N/A        N/A       1%          2
 Searing Ray              Conj           100%       3d7       1%          2
 Static Discharge         Conj/Air       35%        N/A       1%          2
 Sublimation of Blood     Necr           29%        N/A       1%          2
 Ignite Poison            Fire/Tmut/Pois 41%        N/A       1%          3
 Lesser Beckoning         Tloc           21%        N/A       1%          3
 Spider Form              Tmut/Pois      26%        N/A       1%          3
 Stone Arrow              Conj/Erth      100%       3d13      1%          3
 Teleport Other           Tloc           43%        N/A       1%          3
 Vampiric Draining        Necr           29%        2d10      1%          3
 Animate Dead             Necr           29%        N/A       1%          4
 Ice Form                 Ice/Tmut       52%        N/A       1%          4
 Petrify                  Tmut/Erth      66%        N/A       1%          4
 Blade Hands              Tmut           37%        N/A       1%          5
 Conjure Flame            Conj/Fire      35%        6-21      2%          3
 Dazzling Flash           Conj/Hex       70%        N/A       2%          3
 Agony                    Necr           59%        N/A       2%          5
 Excruciating Wounds      Necr           29%        N/A       2%          5
 Corona                   Hex            17%        N/A       3%          1
 Freeze                   Ice            64%        1d8       3%          1
 Summon Small Mammal      Summ           64%        N/A       3%          1
 Portal Projectile        Hex/Tloc       58%        N/A       3%          3
 Iskenderun's Mystic Bla  Conj/Tloc      48%        2d11      3%          4
 Lee's Rapid Deconstruct  Erth           28%        3d16*     3%          5
 Mephitic Cloud           Conj/Pois/Air  28%        N/A       4%          3
 Call Imp                 Summ           16%        N/A       5%          2
 Ensorcelled Hibernation  Hex/Ice        32%        N/A       5%          2
 Poisonous Vapours        Pois/Air       32%        N/A       5%          2
 Slow                     Hex            16%        N/A       5%          2
 Alistair's Intoxication  Tmut/Pois      34%        N/A       5%          5
 Iskenderun's Battlesphe  Conj           52%        2d10      5%          5
 Yara's Violent Unravell  Hex/Tmut       26%        3d11      5%          5
 Animate Armour           Summ/Erth      74%        N/A       7%          4
 Leda's Liquefaction      Hex/Erth       18%        N/A       7%          4
 Fulminant Prism          Conj/Hex       17%        3d11      9%          4
 Hailstorm                Conj/Ice       35%        3d9       9%          4
 Sticky Flame             Conj/Fire      35%        2d5       9%          4
 Dragon Form              Tmut           37%        N/A       10%         7
 Call Canine Familiar     Summ           16%        N/A       11%         3
 Confusing Touch          Hex            16%        N/A       11%         3
 Frozen Ramparts          Ice            32%        1d5       11%         3
 Inner Flame              Hex/Fire       16%        N/A       11%         3
 Ozocubu's Armour         Ice            16%        N/A       11%         3
 Summon Guardian Golem    Hex/Summ       16%        N/A       11%         3
 Swiftness                Air            16%        N/A       11%         3
 Tukima's Dance           Hex            16%        N/A       11%         3
 Bolt of Magma            Conj/Fire/Erth 21%        4d11      12%         5
 Manifold Assault         Tloc           43%        N/A       12%         5
 Death Channel            Necr           29%        N/A       13%         6
 Fireball                 Conj/Fire      17%        3d9       22%         5
 Lightning Bolt           Conj/Air       17%        1d32      22%         5
 Iron Shot                Conj/Erth      27%        9d6       24%         6
 Eringya's Noxious Bog    Tmut/Pois      26%        N/A       30%         6
 Airstrike                Air            8%         N/A       34%         4
 Olgreb's Toxic Radiance  Pois           16%        N/A       34%         4
 Summon Ice Beast         Ice/Summ       16%        N/A       34%         4
 Summon Lightning Spire   Summ/Air       16%        N/A       34%         4
 Summon Forest            Summ/Tloc      14%        N/A       34%         5
 Freezing Cloud           Conj/Ice/Air   14%        6-21      36%         5
 Dispersal                Tloc           21%        N/A       56%         6
 Simulacrum               Ice/Necr       20%        N/A       63%         6
 Metabolic Englaciation   Hex/Ice        8%         N/A       67%         5
 Silence                  Hex/Air        8%         N/A       67%         5
 Summon Mana Viper        Hex/Summ       16%        N/A       67%         5
 Conjure Ball Lightning   Conj/Air       17%        3x3d6     77%         6
 Starburst                Conj/Fire      17%        8x6d6     77%         6
 Orb of Destruction       Conj           26%        9d10      86%         7
 Storm Form               Tmut/Air       26%        N/A       86%         7
 Necromutation            Tmut/Necr      33%        N/A       90%         8
 Invisibility             Hex            8%         N/A       99%         6
 Shadow Creatures         Summ           N/A        N/A       99%         6
 Haunt                    Necr/Summ      20%        N/A       99%         7
 Borgnjor's Revivificati  Necr           29%        N/A       99%         8
 Infestation              Necr           29%        N/A       99%         8
 Malign Gateway           Summ/Tloc      14%        N/A       100%        7
 Spellforged Servitor     Conj/Summ      17%        N/A       100%        7
 Summon Hydra             Summ           8%         N/A       100%        7
 Ignition                 Fire           8%         3d5       100%        8
 Lehudib's Crystal Spear  Conj/Erth      27%        10d7      100%        8
 Maxwell's Capacitive Co  Air            8%         ∞         100%        8
 Summon Horrible Things   Summ           8%         N/A       100%        8
 Chain Lightning          Conj/Air       17%        3d23      100%        9
 Death's Door             Necr           29%        N/A       100%        9
 Dragon's Call            Summ           8%         N/A       100%        9
 Fire Storm               Conj/Fire      17%        8d5       100%        9
 Polar Vortex             Ice            8%         N/A       100%        9
 Shatter                  Erth           28%        3d23*     100%        9


Dungeon Overview and Level Annotations

Branches:
Dungeon (15/15)            Temple (1/1) D:6            Lair (6/6) D:11
 Shoals (4/4) Lair:2       Spider (4/4) Lair:2        Slime (0/5) Lair:6
    Orc (2/2) D:11            Elf (0/3) Orc:2        Vaults (5/5) D:13
  Crypt (0/3) Vaults:2     Depths (5/5) D:15            Zot (5/5) Depths:5
  Sewer (visited)          Bailey (visited)

Altars:
Ashenzari
Cheibriados
Dithmenos
Elyvilon
Fedhas
Gozag
Hepliaklqana
Kikubaaqudgha
Makhleb
Nemelex Xobeh
Okawaru
Qazlal
Ru
Sif Muna
Trog
Uskayaw
Vehumet
Wu Jian
Xom
Yredelemnul
Zin
The Shining One
Beogh
Jiyva

Shops:
D:15 (   Orc:1 *   Orc:2 [**[*?   Shoals:2 *   Depths:2 **   Depths:5 *::=(:!:

Portals:
Hell: Depths:1 Depths:2 Depths:3 Depths:4
Abyss: Spider:1 Depths:2 Depths:4 Depths:5
Pandemonium: Depths:3 Depths:5
Ziggurat: Depths:2

Annotations:
D:5 1 runed translucent door, Crazy Yiuf
D:15 1 runed translucent door, Giaff's ghost, journeyman DsGl
Lair:5 exclusion: 3 oklob plants
Shoals:3 1 runed translucent door, Amuaxidi's ghost, adept FoCK
Spider:1 2 transporters, Beorghan's ghost, adept MiBe
Spider:4 Roxanne
Vaults:4 6 runed translucent doors, dolemite99's ghost, veteran DrFE
Depths:2 2 transporters
Depths:5 1 exclusion
Zot:5 1 exclusion


Innate Abilities, Weirdness & Mutations

You are a living statue of rough stone.
Your actions are slow, but your melee attacks are powerful.
You are resistant to unholy torment.
Your maximum health is greatly increased.
You are immune to poison.
Your equipment is partially melded.
((You are quick and stealthy near water. (Stealth+, EV+, Speed+++)))
Your lower body shifts to a powerful aquatic tail in water.
You have a somewhat thin skeletal structure. (Dex +2, Stealth+)
You tend to lose your temper in combat.
Armour fits poorly on your strangely shaped body.


Message History

There is a stone staircase leading up here.
You climb upwards.
There is a stone staircase leading down, spattered with blood here.
Your magical contamination has completely faded away.
You see here a +0 whip.
There is a stone staircase leading up here.
You climb upwards.
There is a stone staircase leading down here. 2 red devils, a balrug and a sun demon come into view.
MP restored: 39
Casting: Statue Form (mildly dangerous; 4% risk of failure)
You turn into a living statue of rough stone.
Your +2 pair of gloves melds into your body.
Your +2 pair of boots of rampaging melds into your body.
The +4 robe of Augmentation {Str+4 Int+4 Dex+4} melds into your body.
You no longer feel able to rampage towards enemies.
You now have 273/273 hp.
A sun demon comes into view.
The sun demon shouts!
The balrug gestures at you. The sticky flame hits you. You resist.
You are covered in liquid flames!
You block the red devil's attack.
You take 1 damage, and have 272/273 hp.
You pulverise the balrug!!!
You are covered in liquid flames!
The balrug gestures at you. The bolt of fire hits you. You resist.
You take 4 damage, and have 268/273 hp.
You pummel the balrug like a punching bag!!!
You kill the balrug!
Sif Muna accepts your kill.
You are covered in liquid flames!
You are no longer on fire.
You block the red devil's attack.
You feel the corruption within you wane completely.
You feel clever.
You take 1 damage, and have 267/273 hp.
You punch the sun demon!
The red devil hits you from afar with a +0 trident.
The sun demon hits you but does no damage.
You block the sun demon's attack.
You take 1 damage, and have 266/273 hp.
You hit the sun demon but do no damage. You block the sun demon's attack. x2
The red devil hits you but does no damage.
The red devil barely misses you.
You barely miss the sun demon. You block the sun demon's attack. x2
You block the red devil's attack. The red devil misses you.
You regained 2 hp, and now have 269/273 hp.
You pummel the sun demon!! The sun demon misses you.
The sun demon completely misses you. The red devil barely misses you.
You block the red devil's attack.
You hit the sun demon but do no damage. The sun demon misses you.
The sun demon completely misses you. You block the red devil's attack.
The red devil completely misses you.
You squash the sun demon like an ant!!!
You kill the sun demon!
Sif Muna accepts your kill.
The sun demon hits you but does no damage.
You pummel the sun demon like a punching bag!!!
You kill the sun demon!
Sif Muna accepts your kill. You block the red devil's attack. x2
Health restored: 273 You block the red devil's attack.
The red devil hops backward while attacking.
The red devil barely misses you.
The red devil hops backward while attacking.
The red devil completely misses you. You block the red devil's attack. x2
The red devil hits you but does no damage.
You pummel the red devil!!
You kill the red devil!
Sif Muna accepts your kill. You block the red devil's attack.
The red devil hops backward while attacking.
You block the red devil's attack.
The red devil hops backward while attacking.
The red devil misses you.
The red devil hops backward while attacking.
The red devil hits you from afar with a +0 trident!
The red devil hits you but does no damage.
You take 8 damage, and have 265/273 hp.
You block the red devil's attack.
You regained 3 hp, and now have 268/273 hp.
You barely miss the red devil. You block the red devil's attack.
You pummel the red devil!! The red devil barely misses you.
You regained 2 hp, and now have 271/273 hp.
You pulverise the red devil!!!
You kill the red devil!
Sif Muna accepts your kill.
MP restored: 39 You see here a +0 trident.
Health restored: 273 You open the door.
There is an open door here.
Unknown command.
There is a dry fountain here.
There is a staircase leading out of the dungeon here.
You have escaped!

#######.####..####.........#..#
#########.#....##.....#####..#...
.†................###.# #..#...
....#####.............# #..####
....# #.....##'##...#####..#8#.
....# #.....#...#...##.......#.
##### ##..###.⌠.###.##.......#.
#..#.......#.##†....####
#..#.⌠.8.⌠.#.........##.
#..#.......#..#########.
#..###.⌠.###..# #.
#....#...#....# #.
#....##'##....# #.
#.............# ##
###############


There were no monsters in sight!

Vanquished Creatures
  2 dread liches (Vaults:5 Zot:5)
  An ancient lich (Vaults:5)
  2 orbs of fire (Zot:5)
  Mara (Vaults:4)
  A juggernaut (Depths:2)
  Sojobo (Depths:5)
  3 Killer Klowns (Zot:2 Zot:3 Zot:5)
  Bai Suzhen (Spider:4)
  Xtahua (Depths:4)
  7 caustic shrikes (Depths:3 Depths:4 Depths:5)
  2 curse toes (Zot:1 Zot:2)
  Saint Roka (Orc:2)
  5 golden dragons (Depths:4 Zot:1 Zot:2 Zot:4 Zot:5)
  Arachne (Spider:3)
  A bone dragon (Abyss:2)
  An electric golem (Zot:5)
  Rupert (Lair:5)
  A Brimstone Fiend (Depths:3)
  A Hell Sentinel (D:11)
  An Ice Fiend (Depths:3)
  2 hellephants (Depths:3)
  24 Orb Guardians (Zot:5 D:15 D:13)
  6 liches (Depths:1 Depths:2 Depths:3 Depths:5 Vaults:5)
  18 tentacled monstrosities (Vaults:5 Zot:1 Zot:2 Zot:3 Zot:4)
  15 quicksilver dragons (Depths:3 Zot:1 Zot:2 Zot:3 Zot:4)
  8 titans (Depths:2 Depths:3 Vaults:5)
  An ancient champion (Depths:2)
  8 sphinxes (Vaults:4 Depths:2 Depths:3 Depths:4 Vaults:5)
  Kirke (D:14)
  4 death cobs (Zot:1 Zot:2 Zot:3 Zot:4)
  8 draconian monks (Zot:1 Zot:2 Zot:3 Zot:4 Zot:5)
  10 storm dragons (Depths:2 Vaults:5 Zot:1 Zot:2 Zot:3)
  10 shadow dragons (Depths:3 Depths:4 Depths:5 Vaults:5 Zot:1)
  9 tengu reavers (Depths:2 Depths:5 Vaults:5)
  Agnes (D:14)
  15 vault wardens (Vaults:1 Vaults:2 Vaults:3 Vaults:4 Vaults:5)
  11 fire giants (Depths:2 Depths:3 Depths:4 Depths:5 Vaults:5)
  A deep elf sorcerer (Vaults:5)
  10 frost giants (D:15 Depths:2 Depths:3 Depths:4 Vaults:5)
  4 draconian knights (Zot:2 Zot:3 Zot:5)
  5 ghost moths (Spider:2 Spider:3 Spider:4 Zot:3)
  3 iron dragons (Depths:2 Depths:3 Depths:4)
  A balrug (D:1)
  6 draconian stormcallers (Zot:1 Zot:2 Zot:3 Zot:4)
  10 draconian shifters (Zot:1 Zot:2 Zot:3 Zot:4)
  A spriggan defender (Depths:3)
  6 draconian scorchers (Depths:5 Zot:1 Zot:2 Zot:3)
  7 emperor scorpions (Spider:2 Spider:4)
  29 very ugly things (Depths:1 Depths:2 Depths:3 Depths:5 Vaults:4)
  2 orc warlords (Vaults:3 Vaults:4)
  14 ironbound preservers (Vaults:1 Vaults:2 Vaults:3 Vaults:4 Vaults:5)
  7 draconian annihilators (Zot:1 Zot:2 Zot:3 Zot:5)
  5 war gargoyles (Vaults:1 Vaults:4 Vaults:5)
  21 stone giants (Vaults:1 Depths:1 Depths:2 Depths:3 Depths:4)
  A corrupter (D:6)
  12 green draconians (Depths:5 Zot:2 Zot:3 Zot:4 Zot:5)
  14 black draconians (Depths:5 Zot:1 Zot:2 Zot:3 Zot:4)
  2 deep elf annihilators (Depths:2 Vaults:5)
  3 deep elf demonologists (Depths:2 Vaults:5)
  19 white draconians (Depths:5 Zot:1 Zot:2 Zot:3 Zot:4)
  5 entropy weavers (Lair:2 Spider:1 Vaults:1 Vaults:4)
  5 vampire knights (Depths:1 Depths:3 Depths:2 Depths:5)
  8 red draconians (Zot:1 Zot:2 Zot:4 Zot:5)
  10 dire elephants (Vaults:1 Vaults:2 Vaults:3)
  10 yellow draconians (Depths:5 Zot:1 Zot:2 Zot:3 Zot:4)
  27 purple draconians (Depths:5 Zot:1 Zot:2 Zot:3 Zot:4)
  12 spark wasps (Spider:2 Depths:2 Depths:3 Depths:4 Depths:5)
  4 merfolk javelineers (Shoals:4 Depths:4)
  3 deep elf death magi (Depths:2 Vaults:5)
  Snorg (D:10)
  20 ettins (Depths:1 Depths:2 Depths:3 Depths:5 Vaults:4)
  2 crystal guardians (Vaults:2 Vaults:4)
  7 merfolk impalers (Shoals:2 Shoals:4 Depths:4)
  13 yaktaur captains (Vaults:1 Vaults:2 Vaults:3 Vaults:4 Depths:3)
  Josephine (Orc:1)
  7 fire dragons (Depths:1 Depths:2 Depths:3 Depths:4)
  2 deep elf high priests (Vaults:5)
  4 great orbs of eyes (Depths:1 Depths:5)
  3 peacekeepers (Vaults:2 Vaults:4)
  8 boulder beetles (Lair:4 D:12 D:13 D:14 D:15)
  2 catoblepae (D:10 Lair:2)
  7 ironbound thunderhulks (Vaults:1 Vaults:2 Vaults:4)
  Fannar (D:12)
  5 rakshasas (D:10 Depths:1 Depths:2 Depths:3)
  A hell beast (Depths:5)
  8 ice dragons (Depths:1 Depths:2 Depths:3 Depths:4 Depths:5)
  38 vault guards (D:13 Vaults:2 Vaults:3 Vaults:4 Depths:2)
  Erica (D:8)
  15 centaur warriors (D:13 D:15 Vaults:1 Vaults:2)
  8 hydras (D:8 Lair:1 Lair:2 Lair:4 Lair:6)
  10 ironbound frosthearts (Vaults:1 Vaults:2 Vaults:3 Vaults:4)
  2 merfolk aquamancers (Shoals:3 Shoals:4)
  A death knight (D:12)
  2 ogre magi (D:10 D:15)
  2 spriggan air magi (Depths:2)
  12 deep troll shamans (Depths:1 Depths:2 Depths:3 Depths:5)
  3 satyrs (Shoals:4)
  8 merfolk avatars (Lair:6 Shoals:2 Shoals:3 Shoals:4)
  An anaconda (shapeshifter) (Depths:3)
  5 two-headed ogres (D:8 D:9 D:10 Orc:1 D:15)
  10 deep troll earth magi (Depths:2 Depths:3 Depths:4 Depths:5)
  5 tengu warriors (D:13 D:15 Depths:2 Depths:5)
  6 spriggan berserkers (Depths:2 Depths:3 Depths:5)
  8 vampire magi (Vaults:2 Depths:2 Depths:3)
  6 hell hogs (Depths:3 Depths:2)
  10 ironbound beastmasters (Vaults:1 Vaults:2 Vaults:3)
  2 sun demons (D:1)
  A hell knight (Vaults:5)
  A thrashing horror (Abyss:2)
  A soul eater (Zot:3)
  2 sixfirhies (Depths:5 D:7)
  A wretched star (Abyss:2)
  Nergalle (D:10)
  9 iron trolls (D:15 Depths:2 Depths:3 Depths:4 Depths:5)
  7 skeletal warriors (D:13 D:14 Depths:2)
  12 sea snakes (Shoals:1 Shoals:2 Shoals:3 Shoals:4)
  4 glowing orange brains (Depths:3 Depths:5)
  A glowing orange brain (shapeshifter) (Depths:4)
  50 deep trolls (Vaults:1 Vaults:2 Vaults:3 Vaults:4 Depths:1)
  A deep troll (shapeshifter) (Depths:1)
  3 flayed ghosts (Depths:2 Depths:4 Depths:5)
  A sea snake (shapeshifter) (D:10)
  11 ironbound convokers (Vaults:1 Vaults:2 Vaults:3 Vaults:4 Vaults:5)
  14 wizards (D:10 D:14 D:15 Vaults:1 Vaults:2)
  10 lindwurms (D:13 Vaults:1 Vaults:2)
  6 phantasmal warriors (Vaults:2 Depths:1 Depths:3 Vaults:5)
  2 torturous demonspawn (D:7)
  18 orc knights (Bailey D:10 Orc:2 D:14 Vaults:3)
  A shadow demon (D:6)
  16 harpies (Lair:6 Shoals:2 Shoals:4 Vaults:4)
  2 deep elf pyromancers (D:13 D:15)
  5 necromancers (D:15 Vaults:2 Vaults:3 Depths:2)
  A wolf spider zombie (D:15)
  An orb spider (shapeshifter) (Vaults:4)
  46 wolf spiders (Lair:6 D:14 Lair:2 Spider:1 Spider:2)
  18 orb spiders (Spider:1 Spider:2 Spider:3 Spider:4)
  29 moths of wrath (Spider:3 Spider:4 Zot:1 Zot:2 Zot:3)
  3 orc sorcerers (Orc:1 D:15)
  18 fauns (Shoals:1 Shoals:2 Shoals:4)
  A worldbinder (Abyss:2)
  15 manticores (D:11 Lair:6 D:15 Shoals:1 Shoals:2)
  A shining eye (shapeshifter) (Depths:2)
  7 cyclopes (D:10 D:12 D:13 D:14 D:15)
  47 ugly things (D:13 D:14 Vaults:1 Vaults:2 Vaults:3)
  10 merfolk sirens (Lair:2 Shoals:1 Shoals:2 Shoals:3 Shoals:4)
  6 water nymphs (Shoals:1 Shoals:3 Shoals:4)
  15 elephants (Lair:2 Lair:4 Lair:5 Lair:6)
  An elephant (shapeshifter) (Abyss:2)
  2 orange demons (Abyss:2 Depths:5)
  4 black mambas (Lair:2 Lair:4 Lair:5)
  20 vault sentinels (Vaults:1 Vaults:2 Vaults:3 Vaults:4 Vaults:5)
  A cane toad (shapeshifter) (D:13)
  10 cane toads (Lair:1 Lair:2 Lair:3 Lair:5 Lair:6)
  An unseen horror (D:8)
  2 gargoyles (D:11 D:12)
  A torpor snail (Lair:5)
  8 kobold demonologists (D:10 D:11)
  5 rime drakes (Lair:4 Lair:5 Lair:6)
  Psyche (D:10)
  6 komodo dragons (D:10 Lair:1 Lair:2 Lair:6)
  5 freezing wraiths (D:12 Vaults:4 Vaults:5)
  13 demonic crawlers (Spider:1 Spider:2 Spider:3 Spider:4)
  25 yaktaurs (Vaults:1 Vaults:3 Vaults:5)
  3 ice devils (D:13 Depths:5)
  6 tengu conjurers (Depths:1 Depths:2)
  A yaktaur skeleton (Vaults:3)
  2 red devils (D:1)
  7 trolls (D:11 Orc:1 D:12)
  3 polar bears (Lair:2 Lair:4 Lair:5)
  4 meliai (D:10 Spider:1)
  A queen bee (Spider:1)
  A tengu simulacrum (Vaults:3)
  Grinder (D:3)
  40 jumping spiders (Lair:2 Spider:1 Spider:2 Spider:3 Spider:4)
  A meliai (shapeshifter) (D:13)
  18 hornets (Lair:6 Lair:2 Spider:1 Spider:3 Spider:4)
  17 blink frogs (Lair:2 Lair:4 Lair:6)
  16 slime creatures (D:13 Vaults:1 Vaults:4)
  3 wind drakes (Lair:6 Shoals:2)
  8 dream sheep (D:8 Lair:5)
  Prince Ribbit (D:8)
  20 merfolk (Shoals:1 Shoals:2 Shoals:3 Shoals:4)
  9 snapping turtles (Lair:6 Shoals:3 Shoals:4)
  2 ettin zombies (Vaults:2 Vaults:3)
  2 elf zombies (Vaults:2 Vaults:3)
  77 redbacks (Lair:2 Spider:1 Spider:2 Spider:3 Spider:4)
  39 tarantellas (Spider:1 Spider:2 Spider:3 Spider:4)
  28 yaks (Lair:2 Lair:5 Lair:6)
  16 water elementals (Shoals:1 Shoals:3 Shoals:4 Depths:4)
  A ynoxinul (Abyss:2)
  3 fire bats (Abyss:2)
  A vampire (D:11)
  A fire elemental (D:15)
  2 shadows (D:12 D:13)
  7 basilisks (D:10 D:11 Lair:2 Lair:6 D:14)
  8 wyverns (Lair:3 Lair:4 Lair:6)
  9 wraiths (D:10 D:11 Orc:1 D:12 D:13)
  3 hogs (D:14 D:13)
  A neqoxec (Abyss:2)
  14 vampire mosquitoes (D:12 D:13)
  2 steam dragons (D:6 D:8)
  2 chaos spawn (Abyss:2)
  7 wargs (Orc:1 Orc:2 D:14)
  5 floating eyes (Depths:2 Depths:3)
  15 water moccasins (D:3 D:6 Lair:1 Lair:2 Lair:3)
  An ice beast (D:6)
  4 large abominations (Abyss:2)
  3 sky beasts (D:5 D:7 D:8)
  2 black bears (Lair:2 Lair:4)
  43 orc warriors (Bailey D:11 Orc:1 Orc:2 D:12)
  2 necrophages (D:5)
  12 ogres (D:4 D:5 D:6 Orc:1 Orc:2)
  14 wolves (Lair:2 Lair:6)
  10 centaurs (D:8 D:10 D:13 Shoals:2 Shoals:4)
  11 kobold brigands (Sewer D:8 D:9 D:10)
  16 bullfrogs (D:6 D:8 Lair:1 Lair:2 Lair:3)
  3 gnoll sergeants (D:5 D:9 D:13)
  2 wyvern zombies (D:5 D:7)
  A human skeleton (Vaults:2)
  8 scorpions (D:6 Lair:2)
  A water moccasin zombie (D:7)
  3 small abominations (Abyss:2)
  A water moccasin skeleton (D:5)
  A wyvern skeleton (D:6)
  16 killer bees (Spider:1)
  A snapping turtle simulacrum (Abyss:2)
  13 wights (D:7 D:8 D:9)
  4 electric eels (Lair:2 Lair:3 D:15 Spider:3)
  A lava snake (D:15)
  7 centaur zombies (D:5 D:6 D:10 D:11 D:15)
  14 starcursed masses (Abyss:2)
  A bullfrog zombie (D:5)
  5 hounds (D:4 D:5 D:6 D:7)
  15 orc priests (D:3 D:11 Orc:1 Orc:2 D:14)
  A gnoll shaman (D:9)
  A bullfrog skeleton (D:4)
  4 centaur skeletons (D:7 D:15)
  3 iguanas (D:4 D:6)
  Jessica (D:2)
  6 hell rats (Lair:6)
  14 orc wizards (D:3 D:7 D:11 Orc:1 Orc:2)
  A hound skeleton (D:4)
  A howler monkey zombie (D:6)
  24 gnolls (D:3 D:5 D:4 D:9 D:13)
  A howler monkey skeleton (D:7)
  3 adders (D:2)
  5 river rats (D:3 Sewer Lair:6)
  3 shadow imps (D:6 D:7)
  A white imp (D:6)
  8 worms (D:2 D:3 D:4 Lair:2)
  3 dart slugs (D:1 D:4)
  75 orcs (D:3 D:6 D:7 Bailey D:11)
  8 ball pythons (D:1 D:2 D:3 D:4)
  4 bats (D:2 D:3)
  6 endoplasms (D:1 D:2 D:4)
  2 giant cockroaches (D:4 Lair:2)
  9 goblins (D:2 D:3 D:4 D:10 Bailey)
  6 hobgoblins (D:1 D:2 D:3 Bailey)
  11 jackals (D:1 D:2 Sewer D:5)
  4 quokkas (D:1 D:2 D:4)
  3 frilled lizards (D:1 D:3)
  50 kobolds (D:1 D:2 D:3 Sewer D:4)
  A quokka skeleton (D:4)
  23 rats (D:1 D:2 D:3 Sewer Lair:6)
  A lurking horror (Abyss:2)
2108 creatures vanquished.

Vanquished Creatures (collateral kills)
  A quicksilver dragon (Zot:2)
  A tarantella (Spider:3)
2 creatures vanquished.

Vanquished Creatures (others)
  A lich (Depths:3)
  A draconian knight (Zot:3)
  A vault warden (Vaults:4)
  A purple draconian (Zot:2)
  An ettin (Vaults:4)
  A merfolk avatar (Shoals:4)
  A moth of wrath (Zot:4)
  A demonic crawler (Spider:1)
  A redback (Spider:2)
  A human (D:14)
  An orc (Orc:1)
  4 bushes (Lair:4 Lair:6)
  53 fungi (Lair:2 Lair:3 Lair:4 Lair:5 Lair:6)
  161 plants (D:3 Lair:1 Lair:2 Lair:3 Lair:4)
229 creatures vanquished.

Grand Total: 2339 creatures vanquished

Notes
Turn   | Place    | Note
-------+----------+-------------------------------------------
     0 | D:1      | shummie the Merfolk Necromancer began the quest for the
                  | Orb.
     0 | D:1      | Reached XP level 1. HP: 13/13 MP: 3/3
   113 | D:1      | Reached skill level 1 in Fighting
   387 | D:1      | Reached XP level 2. HP: 9/21 MP: 1/5
   649 | D:1      | Reached skill level 2 in Fighting
  1112 | D:1      | HP: 3/23 [jackal (3)]
  1115 | D:1      | Reached XP level 3. HP: 3/28 MP: 1/6
  1516 | D:1      | Found a faded altar of an unknown god.
  1665 | D:2      | Reached skill level 3 in Fighting
  1665 | D:2      | Reached skill level 1 in Polearms
  1759 | D:2      | Noticed Jessica
  1770 | D:2      | Reached skill level 2 in Polearms
  1876 | D:2      | Killed Jessica
  1877 | D:2      | Reached XP level 4. HP: 32/37 MP: 1/7
  2385 | D:2      | Reached skill level 4 in Fighting
  2567 | D:3      | Noticed a water moccasin
  2688 | D:2      | HP: 9/37 [poisoned by an adder]
  2951 | D:3      | Reached skill level 3 in Polearms
  2963 | D:3      | Reached XP level 5. HP: 25/42 MP: 8/8
  3070 | D:3      | Reached skill level 4 in Polearms
  3101 | D:3      | Found a glowing drain.
  3109 | Sewer    | Entered a sewer
  3322 | Sewer    | Noticed a kobold brigand
  3332 | Sewer    | Killed a kobold brigand
  3333 | Sewer    | Reached skill level 6 in Polearms
  3333 | Sewer    | Reached XP level 6. HP: 33/48 MP: 9/9
  3440 | Sewer    | Found a white marble altar of Elyvilon.
  3513 | D:3      | HP: 9/48 [poisoned by a water moccasin]
  3516 | D:3      | Killed a water moccasin
  3517 | D:3      | Reached skill level 4 in Dodging
  3679 | D:3      | Reached skill level 1 in Shields
  3823 | D:3      | Reached skill level 2 in Shields
  4155 | D:3      | Reached XP level 7. HP: 55/55 MP: 10/10
  4179 | D:3      | Noticed Grinder
  4195 | D:3      | Paralysed by Grinder for 6 turns
  4209 | D:3      | Paralysed by Grinder for 4 turns
  4214 | D:3      | Killed Grinder
  4215 | D:3      | Reached skill level 4 in Shields
  4215 | D:3      | Reached skill level 1 in Evocations
  4562 | D:4      | Reached skill level 5 in Fighting
  4960 | D:4      | Reached skill level 7 in Polearms
  4960 | D:4      | Reached XP level 8. HP: 48/62 MP: 6/11
  5222 | D:5      | Entered Level 5 of the Dungeon
  5231 | D:5      | Reached skill level 8 in Polearms
  5589 | D:5      | Reached skill level 5 in Dodging
  5701 | D:5      | Reached skill level 6 in Fighting
  5775 | D:5      | Reached skill level 6 in Dodging
  5788 | D:5      | Reached skill level 7 in Dodging
  5861 | D:5      | Reached skill level 2 in Evocations
  5948 | D:5      | Reached skill level 9 in Polearms
  6004 | D:5      | Reached XP level 9. HP: 55/69 MP: 12/12
  6268 | D:5      | Found a runed translucent door.
  6269 | D:5      | Noticed Crazy Yiuf
  6707 | D:6      | Found a staircase to the Ecumenical Temple.
  6716 | Temple   | Entered the Ecumenical Temple
  6764 | Temple   | Became a worshipper of Sif Muna the Loreminder
  6797 | D:6      | Identified the +9 hand axe "Merfolk's Bane" {spect, +Rage
                  | MP+9 Str+4 Int+4}
  6869 | D:6      | Reached skill level 10 in Polearms
  6997 | D:6      | Reached skill level 1 in Axes
  7014 | D:6      | Reached skill level 2 in Axes
  7058 | D:6      | Reached skill level 3 in Axes
  7525 | D:6      | Learned a level 2 spell: Blink
  7583 | D:6      | Reached skill level 4 in Axes
  8069 | D:7      | Reached * piety under Sif Muna
  8280 | D:7      | Reached skill level 8 in Dodging
  8451 | D:8      | Noticed a two-headed ogre
  8453 | D:8      | Noticed Maggie
  8513 | D:8      | Reached skill level 7 in Fighting
  8589 | D:8      | Killed an unseen horror
  8590 | D:8      | Reached skill level 9 in Dodging
  8590 | D:8      | Reached XP level 10. HP: 53/79 MP: 13/13
  8651 | D:8      | Killed a two-headed ogre
  8652 | D:8      | Reached skill level 8 in Fighting
  8652 | D:8      | Reached skill level 3 in Evocations
  8695 | D:8      | Reached skill level 4 in Evocations
  8729 | D:8      | Noticed Maggie
  8729 | D:8      | Maggie changed into Maggie the sky beast
  8734 | D:8      | Killed Maggie the sky beast
  8807 | D:8      | Reached skill level 1 in Translocations
  8812 | D:8      | Noticed Prince Ribbit
  8822 | D:8      | Noticed Erica
  8835 | D:8      | Killed Erica
  8836 | D:8      | Reached skill level 2 in Translocations
  9051 | D:8      | Killed Prince Ribbit
  9052 | D:8      | Reached skill level 10 in Dodging
  9229 | D:8      | Reached skill level 3 in Translocations
  9417 | D:8      | Noticed a three-headed hydra
  9422 | D:8      | Killed a one-headed hydra
  9423 | D:8      | Reached skill level 12 in Dodging
  9423 | D:8      | Reached XP level 11. HP: 85/86 MP: 14/14
  9629 | D:9      | Noticed a two-headed ogre
  9635 | D:9      | Killed a two-headed ogre
  9635 | D:9      | Reached ** piety under Sif Muna
  9636 | D:9      | Reached skill level 5 in Evocations
 10008 | D:9      | Found a sacrificial altar of Ru.
 10334 | D:10     | Entered Level 10 of the Dungeon
 10340 | D:10     | Noticed Psyche
 10456 | D:10     | Reached skill level 5 in Axes
 10474 | D:10     | Reached *** piety under Sif Muna
 10476 | D:10     | Reached skill level 9 in Fighting
 10490 | D:10     | HP: 21/89 [kobold demonologist (2)]
 10493 | D:10     | Reached skill level 6 in Axes
 10496 | D:10     | Noticed an ogre mage
 10497 | D:10     | HP: 13/89 [ogre mage (7)]
 10498 | D:10     | Noticed a rakshasa
 10500 | D:10     | Found a flagged portal.
 10505 | Bailey   | Entered a bailey
 10715 | Bailey   | Noticed an orc knight
 10728 | Bailey   | Noticed an orc knight
 10776 | Bailey   | Killed an orc knight
 11089 | Bailey   | Reached skill level 7 in Axes
 11097 | Bailey   | Killed an orc knight
 11117 | Bailey   | Reached **** piety under Sif Muna
 11408 | Bailey   | Identified the +8 short sword of Havoc {vorpal, +Blink
                  | rElec rF++}
 11536 | D:10     | Noticed a sea snake
 11541 | D:10     | Killed a sea snake
 11549 | D:10     | Noticed Nergalle
 11759 | D:10     | Killed a rakshasa
 11760 | D:10     | Reached skill level 10 in Fighting
 11910 | D:10     | Noticed a cyclops
 11916 | D:10     | Killed a cyclops
 12034 | D:10     | Reached XP level 12. HP: 96/98 MP: 15/15
 12062 | D:10     | Noticed a catoblepas
 12077 | D:10     | Killed a catoblepas
 12095 | D:10     | HP: 15/99 [orc knight/bolt (13)]
 12125 | D:10     | HP: 22/97 [Nergalle/bolt of negative energy (11)]
 12471 | D:10     | Reached skill level 13 in Dodging
 12484 | D:10     | Noticed Snorg
 12496 | D:10     | Killed Snorg
 12497 | D:10     | Reached skill level 11 in Fighting
 12900 | D:10     | Killed Nergalle
 12939 | D:10     | Reached skill level 14 in Dodging
 13134 | D:10     | Killed an ogre mage
 13197 | D:10     | Killed Psyche
 13311 | D:11     | Noticed a two-headed ogre
 13329 | D:10     | Killed a two-headed ogre
 13330 | D:10     | Reached skill level 12 in Fighting
 13330 | D:10     | Reached skill level 3 in Spellcasting
 13395 | D:10     | Reached ***** piety under Sif Muna
 13641 | D:11     | Reached skill level 4 in Spellcasting
 13830 | D:11     | Found a staircase to the Orcish Mines.
 13849 | D:11     | Reached skill level 5 in Spellcasting
 13910 | D:11     | Received a gift from Sif Muna
 13951 | D:11     | Got Sif Muna's Volume of the Countless Nightingales {god
                  | gift}
 14000 | D:11     | Found a staircase to the Lair.
 14108 | D:11     | Reached skill level 1 in Armour
 14297 | Lair:1   | Entered Level 1 of the Lair of Beasts
 14297 | Lair:1   | Noticed a five-headed hydra
 14316 | Lair:1   | Killed a one-headed hydra
 14317 | Lair:1   | Reached XP level 13. HP: 86/108 MP: 21/21
 14644 | Lair:1   | Reached skill level 2 in Armour
 14647 | Lair:1   | Reached skill level 6 in Spellcasting
 15235 | Lair:2   | Reached skill level 3 in Armour
 15722 | Lair:2   | Reached skill level 4 in Armour
 16097 | Lair:2   | Found a hole to the Spider Nest.
 16143 | Lair:2   | Reached skill level 5 in Armour
 16400 | Lair:2   | Got the Almanac of the Dusty Traveller
 16655 | Lair:2   | Found a staircase to the Shoals.
 17984 | Lair:3   | Received a gift from Sif Muna
 17989 | Lair:3   | Got Omemipe's Reference Book on Changing and Weightlessness
                  | {god gift}
 18000 | Lair:3   | Learned a level 5 spell: Irradiate
 18404 | Lair:4   | Reached skill level 1 in Transmutations
 18470 | Lair:4   | Reached skill level 1 in Conjurations
 18470 | Lair:4   | Reached skill level 2 in Transmutations
 18477 | Lair:4   | HP: 26/109 [14-headed hydra (8)]
 18619 | Lair:4   | Reached skill level 3 in Transmutations
 18854 | Lair:4   | Reached skill level 2 in Conjurations
 18888 | Lair:4   | Reached skill level 4 in Transmutations
 19331 | Lair:4   | Reached skill level 3 in Conjurations
 19351 | Lair:4   | Reached skill level 5 in Transmutations
 19591 | Lair:4   | Identified the +10 rapier "Vezevu" {vorpal, Will+ MP-9
                  | Stlth+}
 20083 | Lair:5   | Reached skill level 6 in Transmutations
 20083 | Lair:5   | Reached XP level 14. HP: 112/116 MP: 23/23
 20094 | Lair:5   | Reached skill level 4 in Conjurations
 20099 | Lair:5   | Reached skill level 7 in Transmutations
 20456 | Lair:4   | Received a gift from Sif Muna
 20457 | Lair:4   | Reached skill level 8 in Transmutations
 20459 | Lair:4   | Got Nynwoh's Catalogue of Destructive Stones {god gift}
 20491 | Lair:4   | Learned a level 6 spell: Statue Form
 20895 | Lair:5   | Noticed Rupert
 20908 | Lair:5   | Paralysed by Rupert for 5 turns
 20919 | Lair:5   | Killed Rupert
 20920 | Lair:5   | Reached skill level 9 in Transmutations
 21533 | Lair:6   | Entered Level 6 of the Lair of Beasts
 21618 | Lair:6   | Found a viscous altar of Jiyva.
 21626 | Lair:6   | Reached skill level 7 in Spellcasting
 21660 | Lair:6   | Found a staircase to the Slime Pits.
 21942 | Lair:6   | Paralysed by a hornet for 2 turns
 22194 | Lair:6   | Reached skill level 10 in Transmutations
 22481 | Lair:6   | Reached skill level 8 in Spellcasting
 22504 | Lair:6   | Received a gift from Sif Muna
 22510 | Lair:6   | Got Sif Muna's Handbook of Flames {god gift}
 22725 | Lair:6   | Found the +8 trident of the Octopus King {venom, rElec
                  | rPois Will+}
 23287 | Lair:6   | Reached skill level 5 in Conjurations
 23294 | Lair:6   | Reached skill level 11 in Transmutations
 23446 | Lair:6   | Reached skill level 1 in Earth Magic
 23505 | Lair:6   | Reached skill level 2 in Earth Magic
 23758 | Lair:6   | Reached skill level 3 in Earth Magic
 24194 | Orc:1    | Entered Level 1 of the Orcish Mines
 24211 | Orc:1    | Noticed Josephine
 24329 | Orc:1    | Killed Josephine
 24338 | Orc:1    | Reached XP level 15. HP: 73/117 MP: 18/27
 24341 | Orc:1    | Reached skill level 4 in Earth Magic
 24525 | Orc:1    | Received a gift from Sif Muna
 24905 | Orc:1    | Found Gepecesu's Assorted Antiques.
 24963 | Orc:2    | Entered Level 2 of the Orcish Mines
 24963 | Orc:2    | Found Uguuxzit's Overcharged Wands.
 25354 | Orc:2    | Reached skill level 5 in Earth Magic
 25806 | Orc:2    | Found a staircase to the Elven Halls.
 26009 | Orc:2    | Noticed Saint Roka
 26039 | Orc:1    | Received a gift from Sif Muna
 26563 | Orc:2    | Reached skill level 6 in Earth Magic
 26574 | Orc:2    | Killed Saint Roka
 26882 | Orc:1    | Reached skill level 12 in Transmutations
 27180 | Orc:2    | Found Paipekk's General Store.
 27180 | Orc:2    | Found Gomoimaet's Magic Scroll Boutique.
 27195 | Orc:2    | Bought a scroll of blinking for 127 gold pieces
 27195 | Orc:2    | Bought a scroll of identify for 34 gold pieces
 27198 | Orc:2    | Bought a scroll of identify for 34 gold pieces
 27198 | Orc:2    | Bought a scroll of identify for 34 gold pieces
 27198 | Orc:2    | Bought a scroll of identify for 34 gold pieces
 27201 | Orc:2    | Bought a scroll of identify for 34 gold pieces
 27453 | Orc:2    | Found Serrigoo's Antique Armour Shoppe.
 27453 | Orc:2    | Found Zoson Poic's General Store.
 27468 | Orc:2    | Bought a pair of glowing boots for 255 gold pieces
 27517 | Orc:2    | Found Unujuig's Armour Shoppe.
 27881 | D:12     | Found a shadowy altar of Dithmenos.
 28151 | D:12     | Reached skill level 13 in Transmutations
 28308 | D:12     | Noticed Fannar
 28316 | D:12     | Killed Fannar
 28846 | D:12     | Reached skill level 7 in Earth Magic
 28978 | D:13     | Reached skill level 1 in Unarmed Combat
 28983 | D:13     | Received a gift from Sif Muna
 28986 | D:13     | Got Sif Muna's Catalogue of Dark Arts {god gift}
 29013 | D:13     | Reached skill level 2 in Unarmed Combat
 29388 | D:13     | You fall into a shaft and drop 2 floors!
 29388 | D:15     | Entered Level 15 of the Dungeon
 29412 | D:13     | Reached skill level 3 in Unarmed Combat
 29542 | D:13     | Learned a level 5 spell: Borgnjor's Vile Clutch
 29565 | D:13     | You fall into a shaft and drop 1 floor!
 29656 | D:13     | Reached skill level 4 in Unarmed Combat
 30157 | D:13     | Found a gate to the Vaults.
 30243 | D:14     | Reached skill level 14 in Transmutations
 30360 | D:14     | Reached skill level 5 in Unarmed Combat
 30545 | D:14     | Noticed Agnes
 30554 | D:14     | Killed Agnes
 30555 | D:14     | Reached XP level 16. HP: 98/129 MP: 3/28
 30897 | D:14     | Noticed Kirke
 30908 | D:14     | Reached skill level 6 in Unarmed Combat
 30918 | D:14     | Noticed a sphinx
 31190 | D:14     | Killed Kirke
 31427 | D:14     | Reached skill level 7 in Unarmed Combat
 31958 | D:13     | Received a gift from Sif Muna
 32402 | D:14     | Reached skill level 4 in Necromancy
 32477 | D:14     | Reached skill level 8 in Unarmed Combat
 32546 | D:15     | Found a runed translucent door.
 33122 | D:15     | Found Pitotid's Weapon Boutique.
 33165 | D:15     | Noticed Giaff's ghost (journeyman DsGl)
 33167 | D:15     | Identified the +9 trident of Gluttony {drain, Contam MP+9
                  | Int+2}
 33312 | D:15     | Reached skill level 5 in Necromancy
 33346 | D:15     | Cast into level 2 of the Abyss (a wizard)
 33365 | Abyss:2  | Found a corrupted altar of Lugonu.
 33397 | Abyss:2  | Found a snail-covered altar of Cheibriados.
 33437 | Abyss:2  | Paralysed by accursed screaming for 1 turns
 33444 | Abyss:2  | Reached skill level 9 in Unarmed Combat
 33445 | Abyss:2  | Paralysed by accursed screaming for 1 turns
 33448 | Abyss:2  | HP: 35/167 [starcursed mass/accursed screaming (8)]
 33482 | Abyss:2  | Gained mutation: You are frail. (-10% HP) [a neqoxec]
 33484 | Abyss:2  | Gained mutation: Your body sometimes deteriorates upon
                  | taking damage. [a neqoxec]
 33682 | Abyss:2  | Noticed a bone dragon
 33706 | Abyss:2  | Killed a bone dragon
 33799 | Abyss:2  | Received a gift from Sif Muna
 33801 | Abyss:2  | Got Sif Muna's Compendium of Clay and Summoning {god gift}
 33921 | Abyss:2  | Reached skill level 3 in Stealth
 33953 | Abyss:2  | Reached skill level 4 in Stealth
 33955 | D:15     | Escaped the Abyss
 33959 | D:15     | Found a staircase to the Depths.
 34338 | Spider:1 | Entered Level 1 of the Spider Nest
 34432 | Spider:1 | Reached skill level 6 in Necromancy
 34636 | Spider:1 | Reached skill level 10 in Unarmed Combat
 34726 | Spider:1 | Found a one-way gate to the infinite horrors of the Abyss.
 34737 | Spider:1 | Found a transporter.
 34738 | Spider:1 | Found a transporter.
 34753 | Spider:1 | Noticed Beorghan's ghost (adept MiBe)
 35105 | Spider:1 | Reached skill level 9 in Spellcasting
 35117 | Spider:1 | Received a gift from Sif Muna
 35484 | Spider:1 | Reached XP level 17. HP: 121/121 MP: 26/30
 35928 | Spider:1 | Received a gift from Sif Muna
 36068 | Spider:1 | Noticed a tentacled monstrosity
 36345 | Spider:2 | Reached skill level 11 in Unarmed Combat
 36408 | Spider:2 | Reached skill level 10 in Spellcasting
 36939 | Spider:2 | Received a gift from Sif Muna
 36940 | Spider:2 | Reached skill level 12 in Unarmed Combat
 36996 | Spider:2 | Got Sif Muna's Grimoire of Hexes and Translocation {god
                  | gift}
 38084 | Spider:3 | Reached skill level 6 in Conjurations
 38239 | Spider:3 | Reached skill level 13 in Unarmed Combat
 38528 | Spider:3 | Noticed Arachne
 38547 | Spider:3 | Killed Arachne
 39162 | Spider:4 | Entered Level 4 of the Spider Nest
 39252 | Spider:4 | Received a gift from Sif Muna
 39255 | Spider:4 | Got Ripnen's Collected Works on Stolen Souls {god gift}
 39565 | Spider:4 | Noticed Roxanne
 39587 | Spider:4 | HP: 8/157 [disintegration (43)]
 39589 | Spider:4 | Reached XP level 18. HP: 9/126 MP: 1/32
 39592 | Spider:4 | HP: 6/163 [wolf spider (13)]
 40072 | Spider:4 | Reached skill level 7 in Necromancy
 40081 | Spider:4 | Received a gift from Sif Muna
 40095 | Spider:4 | Reached skill level 8 in Earth Magic
 40176 | Spider:4 | Noticed Bai Suzhen
 40196 | Spider:4 | Killed Bai Suzhen
 40197 | Spider:4 | Reached skill level 11 in Spellcasting
 40328 | Spider:4 | Got Sif Muna's Guide on Shape Shifting {god gift}
 40428 | Spider:4 | Reached skill level 8 in Necromancy
 40432 | Spider:4 | Reached skill level 1 in Invocations
 40500 | Spider:4 | Reached skill level 2 in Invocations
 40511 | Spider:4 | Reached skill level 3 in Invocations
 40631 | Spider:4 | Reached skill level 4 in Invocations
 40667 | Spider:4 | Reached skill level 5 in Invocations
 41060 | Spider:4 | Got a gossamer rune of Zot
 41310 | Shoals:1 | Entered Level 1 of the Shoals
 41357 | Shoals:1 | Identified the +8 fustibalus "Otisaot" {freeze, rPois}
 41396 | Shoals:1 | Reached skill level 6 in Invocations
 41692 | Shoals:1 | Reached skill level 7 in Invocations
 41776 | Shoals:1 | Received a gift from Sif Muna
 41780 | Shoals:1 | Got Sif Muna's Papyrus of Conjuration and Transmutation
                  | {god gift}
 41802 | Shoals:1 | Reached ****** piety under Sif Muna
 42034 | Shoals:2 | Found Ommapsi's Specific Store.
 42036 | Shoals:2 | Found Annyaj's General Store.
 42180 | Shoals:2 | Reached skill level 8 in Invocations
 42746 | Shoals:2 | Reached skill level 13 in Fighting
 43243 | Shoals:3 | Found a runed translucent door.
 43262 | Shoals:3 | Noticed Amuaxidi's ghost (adept FoCK)
 43844 | Shoals:3 | Reached skill level 14 in Unarmed Combat
 43993 | Shoals:3 | Found the +4 robe of Augmentation {Str+4 Int+4 Dex+4}
 44417 | Shoals:4 | Entered Level 4 of the Shoals
 44475 | Shoals:4 | Reached XP level 19. HP: 134/134 MP: 28/34
 44589 | Shoals:4 | Received a gift from Sif Muna
 44709 | Shoals:4 | Reached skill level 9 in Invocations
 44954 | Shoals:4 | Reached skill level 10 in Invocations
 45688 | Shoals:4 | Received a gift from Sif Muna
 45723 | Shoals:4 | Got a barnacled rune of Zot
 45976 | Shoals:4 | Identified the +0 chain mail of the Clam {rElec Dex+2 SInv}
 46455 | Vaults:1 | Entered Level 1 of the Vaults
 47583 | Vaults:1 | Reached skill level 7 in Conjurations
 47597 | Vaults:1 | Received a gift from Sif Muna
 47623 | Vaults:1 | Reached skill level 9 in Necromancy
 48105 | Vaults:1 | Reached skill level 14 in Fighting
 48290 | Vaults:2 | Found a staircase to the Crypt.
 48299 | Vaults:2 | Reached skill level 15 in Unarmed Combat
 48579 | Vaults:2 | Reached XP level 20. HP: 143/143 MP: 22/35
 48942 | Vaults:2 | Reached skill level 16 in Unarmed Combat
 49071 | Vaults:2 | Received a gift from Sif Muna
 49374 | Vaults:2 | Reached skill level 5 in Shields
 49390 | Vaults:2 | HP: 27/187 [ironbound frostheart/creeping frost (20)]
 49392 | Vaults:2 | HP: 8/187 [ironbound frostheart/creeping frost (26)]
 50000 | Vaults:2 | Reached skill level 6 in Shields
 50571 | Vaults:2 | Reached skill level 15 in Fighting
 50588 | Vaults:2 | Reached skill level 7 in Shields
 50620 | Vaults:2 | Received a gift from Sif Muna
 50636 | Vaults:2 | Reached skill level 8 in Shields
 51146 | Vaults:2 | Reached skill level 9 in Shields
 51890 | Vaults:2 | Gained mutation: You are weak. (Str -2) [mutagenic glow]
 51976 | Vaults:3 | Reached skill level 10 in Shields
 52531 | Vaults:3 | Identified the +1 helmet of the Moon {rPois rN+ rCorr
                  | Dex+2}
 52820 | Vaults:3 | Reached XP level 21. HP: 151/151 MP: 21/36
 52823 | Vaults:3 | Received a gift from Sif Muna
 52832 | Vaults:3 | Got Sif Muna's Tome of Conjuration and Transmutation {god
                  | gift}
 52996 | Vaults:3 | Reached skill level 11 in Shields
 53818 | Vaults:4 | Reached skill level 12 in Shields
 53911 | Vaults:4 | Noticed Mara
 53929 | Vaults:4 | Killed Mara
 54041 | Vaults:4 | Identified the +3 leather armour of Achumur {Slay+5}
 54051 | Vaults:4 | Paralysed by a sphinx for 6 turns
 54857 | Vaults:4 | Reached skill level 13 in Shields
 55009 | Vaults:4 | Reached skill level 15 in Dodging
 55393 | Vaults:4 | Found a large runed translucent door.
 55394 | Vaults:4 | Found a large runed translucent door.
 55394 | Vaults:4 | Found a large runed translucent door.
 55394 | Vaults:4 | Found a large runed translucent door.
 55394 | Vaults:4 | Noticed dolemite99's ghost (veteran DrFE)
 55395 | Vaults:4 | Found a large runed translucent door.
 55395 | Vaults:4 | Found a large runed translucent door.
 55395 | Vaults:4 | Found a large runed translucent door.
 55395 | Vaults:4 | Found a large runed translucent door.
 56387 | Depths:1 | Entered Level 1 of the Depths
 56827 | Depths:1 | Paralysed by a great orb of eyes for 4 turns
 56843 | Depths:1 | Reached skill level 16 in Dodging
 56876 | Depths:1 | Reached skill level 11 in Invocations
 56884 | Depths:1 | Received a gift from Sif Muna
 56897 | Depths:1 | Got Uwevuxt's Volume of Stones and Evil Rites {god gift}
 57164 | Depths:1 | Found a gateway to Hell.
 57191 | Depths:1 | Reached skill level 6 in Evocations
 57211 | Depths:1 | Learned a level 2 spell: Passwall
 57216 | Depths:1 | Learned a level 4 spell: Dispel Undead
 57375 | Depths:1 | Reached skill level 7 in Evocations
 57742 | Depths:1 | Reached skill level 8 in Evocations
 57970 | Depths:1 | Reached XP level 22. HP: 128/157 MP: 32/37
 58161 | Depths:1 | Found an ornate altar of the Wu Jian Council.
 58243 | Depths:2 | Paralysed by a floating eye for 4 turns
 58476 | Depths:2 | Identified the ring of a Thousand Lives {rC+ Int-2 Dex+5
                  | Slay+4}
 58757 | Depths:2 | Found Lawufim's General Store.
 58816 | Depths:2 | Identified the ring of Ushamukaz {rF+ Int+4}
 58823 | Depths:2 | Received a gift from Sif Muna
 58837 | Depths:2 | Got Miph's Compendium of Mutagenic Execration {god gift}
 58922 | Depths:2 | Found a transporter.
 58996 | Depths:2 | Noticed a juggernaut
 59008 | Depths:2 | HP: 32/206 [juggernaut (29)]
 59009 | Depths:2 | Killed a juggernaut
 59010 | Depths:2 | Reached skill level 16 in Fighting
 59010 | Depths:2 | Reached skill level 17 in Unarmed Combat
 59406 | Depths:2 | Paralysed by a floating eye for 2 turns
 59484 | Depths:2 | Found Bamuck's General Store.
 59535 | Depths:2 | Found a transporter.
 59584 | Depths:2 | Identified the ring of Zonoco {rElec rN+ MP+9 Int-5}
 59715 | Depths:2 | Found a gateway to a ziggurat.
 59746 | Depths:2 | Paralysed by a floating eye for 2 turns
 60229 | Depths:2 | Reached skill level 18 in Unarmed Combat
 60253 | Depths:2 | Identified the ring of Voacuz {Ice rN++ Str+7 Dex-3}
 60509 | Depths:3 | Found a hazy altar of Hepliaklqana.
 60629 | Depths:3 | Received a gift from Sif Muna
 60630 | Depths:3 | Got Leamp's Incunabulum of Creative Cold {god gift}
 60696 | Depths:3 | Reached skill level 17 in Fighting
 60709 | Depths:3 | HP: 47/211 [frost giant/bolt of cold (19)]
 60735 | Depths:3 | Noticed a caustic shrike
 60739 | Depths:3 | HP: 43/211 [caustic shrike (16)]
 60740 | Depths:3 | Killed a caustic shrike
 60741 | Depths:3 | Reached XP level 23. HP: 41/169 MP: 12/38
 60744 | Depths:3 | HP: 37/219 [sphinx (7)]
 60747 | Depths:3 | Paralysed by a sphinx for 4 turns
 61515 | Depths:3 | Paralysed by a sphinx for 6 turns
 61540 | Depths:3 | Reached skill level 18 in Fighting
 62207 | Depths:2 | Reached skill level 12 in Invocations
 63274 | Depths:3 | Found a one-way gate leading to the halls of Pandemonium.
 63301 | Depths:3 | Reached skill level 13 in Invocations
 63301 | Depths:3 | Reached skill level 5 in Stealth
 63561 | Depths:4 | Received a gift from Sif Muna
 63585 | Depths:4 | Noticed Xtahua
 63593 | Depths:4 | Paralysed by Xtahua for 2 turns
 63596 | Depths:4 | Paralysed by Xtahua for 5 turns
 63602 | Depths:4 | Killed Xtahua
 63856 | Depths:4 | Reached skill level 6 in Stealth
 64008 | Depths:4 | Noticed a caustic shrike
 64011 | Depths:4 | Noticed a caustic shrike
 64069 | Depths:4 | Killed a caustic shrike
 64070 | Depths:4 | Reached skill level 9 in Evocations
 64435 | Depths:4 | Noticed a caustic shrike
 64445 | Depths:4 | Killed a caustic shrike
 64449 | Depths:4 | Paralysed by a sphinx for 6 turns
 64729 | Depths:4 | Killed a caustic shrike
 64730 | Depths:4 | Reached skill level 14 in Shields
 65221 | Depths:4 | Got Faur's Reference Book on Conjuration
 65223 | Depths:4 | Got the Guide on the Vitriolic Glacier
 65226 | Depths:4 | Identified the +3 leather armour of the Equator {Slay+3}
 65320 | Depths:4 | Noticed a golden dragon
 65332 | Depths:4 | Killed a golden dragon
 65647 | Depths:5 | Entered Level 5 of the Depths
 65668 | Depths:5 | Found Ysmid's Book Emporium.
 65668 | Depths:5 | Found Reduec's Book Shoppe.
 65669 | Depths:5 | Found Jion's Jewellery Emporium.
 65671 | Depths:5 | Found Mank's Assorted Antiques.
 65674 | Depths:5 | Bought an amulet of regeneration for 720 gold pieces
 65719 | Depths:5 | Found Zedghea's Antique Weapon Boutique.
 65836 | Depths:5 | Found Layth's Distillery.
 65839 | Depths:5 | Bought a potion of heal wounds for 70 gold pieces
 65839 | Depths:5 | Bought a potion of heal wounds for 70 gold pieces
 66073 | Depths:5 | Reached XP level 24. HP: 177/177 MP: 21/38
 66076 | Depths:5 | Noticed a caustic shrike
 66079 | Depths:5 | Noticed a caustic shrike
 66082 | Depths:5 | Killed a caustic shrike
 66083 | Depths:5 | Reached skill level 19 in Unarmed Combat
 66088 | Depths:5 | Killed a caustic shrike
 66155 | Depths:5 | Noticed a caustic shrike
 66159 | Depths:5 | Killed a caustic shrike
 66514 | Depths:5 | Noticed Sojobo
 66527 | Depths:5 | Killed Sojobo
 66528 | Depths:5 | Reached skill level 20 in Unarmed Combat
 66758 | Depths:5 | Found Utimi Evo's Book Shop.
 66810 | Depths:5 | Learned a level 4 spell: Passage of Golubria
 66838 | Depths:5 | Found a gate to the Realm of Zot.
 67000 | Depths:5 | Found Uwuiss's Book Emporium.
 67181 | Depths:5 | Reached skill level 12 in Spellcasting
 67195 | Depths:5 | Reached skill level 4 in Translocations
 68047 | Vaults:5 | Entered Level 5 of the Vaults
 68065 | Vaults:4 | Reached skill level 5 in Translocations
 68199 | Vaults:5 | Gained mutation: You do not regenerate when monsters are
                  | visible. [a shining eye]
 68231 | Vaults:4 | Lost mutation: Your body sometimes deteriorates upon taking
                  | damage. [potion of mutation]
 68231 | Vaults:4 | Lost mutation: You are weak. (Str -2) [potion of mutation]
 68231 | Vaults:4 | Gained mutation: Your spells are a little harder to cast,
                  | but a little more powerful. [potion of mutation]
 68232 | Vaults:4 | Lost mutation: You are frail. (-10% HP) [potion of
                  | mutation]
 68232 | Vaults:4 | Lost mutation: Your spells are a little harder to cast, but
                  | a little more powerful. [potion of mutation]
 68232 | Vaults:4 | Lost mutation: You do not regenerate when monsters are
                  | visible. [potion of mutation]
 68232 | Vaults:4 | Gained mutation: Armour fits poorly on your strangely
                  | shaped body. [potion of mutation]
 68232 | Vaults:4 | Gained mutation: You have supernaturally acute eyesight.
                  | (SInv) [potion of mutation]
 68643 | Depths:5 | Bought a ring of willpower for 600 gold pieces
 69352 | Vaults:5 | Reached skill level 17 in Dodging
 69495 | Vaults:5 | Reached XP level 25. HP: 175/205 MP: 39/39
 69496 | Vaults:5 | Noticed an ancient lich
 69499 | Vaults:5 | Noticed a dread lich
 69499 | Vaults:5 | Received a gift from Sif Muna
 69510 | Vaults:5 | Paralysed by a dread lich for 6 turns
 69526 | Vaults:5 | Reached skill level 19 in Fighting
 69576 | Vaults:5 | Reached skill level 18 in Dodging
 69623 | Vaults:5 | Got a silver rune of Zot
 69653 | Vaults:5 | Killed an ancient lich
 69702 | Vaults:5 | Reached skill level 21 in Unarmed Combat
 70182 | Vaults:5 | Reached skill level 22 in Unarmed Combat
 70467 | Vaults:5 | Killed a dread lich
 70472 | Vaults:5 | Identified the +6 chain mail "Nubewott" {rC+++ rN+}
 70903 | Zot:1    | Entered Level 1 of the Realm of Zot
 70922 | Depths:5 | Reached XP level 26. HP: 215/215 MP: 18/39
 70991 | Zot:1    | Received a gift from Sif Muna
 70994 | Zot:1    | Reached skill level 23 in Unarmed Combat
 71514 | Zot:1    | Reached skill level 20 in Fighting
 72034 | Zot:2    | Reached skill level 19 in Dodging
 72266 | Zot:2    | HP: 69/283 [green draconian knight (5)]
 72270 | Zot:2    | Reached skill level 20 in Dodging
 72608 | Zot:2    | HP: 46/286 [purple draconian annihilator/crystal spear
                  | (62)]
 72609 | Zot:2    | Noticed a Killer Klown
 72628 | Zot:2    | Reached skill level 21 in Fighting
 72640 | Zot:2    | Killed a Killer Klown
 72645 | Zot:2    | HP: 61/256 [quicksilver dragon/bolt of dispelling energy
                  | (18)]
 72652 | Zot:2    | HP: 52/256 [purple draconian/bolt of dispelling energy
                  | (20)]
 72666 | Zot:2    | HP: 48/256 [purple draconian/bolt of dispelling energy
                  | (26)]
 72672 | Zot:2    | HP: 48/256 [purple draconian stormcaller/divine providence
                  | (12)]
 72677 | Zot:2    | HP: 37/256 [purple draconian stormcaller/divine providence
                  | (13)]
 72887 | Zot:2    | Reached XP level 27. HP: 148/203 MP: 28/39
 73126 | Zot:2    | Reached skill level 15 in Shields
 73799 | Zot:2    | Got The Advanced Guide to Witchery
 74177 | Zot:3    | Reached skill level 22 in Fighting
 74460 | Zot:3    | Reached skill level 21 in Dodging
 75011 | Zot:4    | Reached skill level 22 in Dodging
 75224 | Zot:4    | Received a gift from Sif Muna
 75231 | Zot:4    | Got Sif Muna's Volume of the Aerial Escort {god gift}
 76004 | Zot:4    | Reached skill level 23 in Dodging
 76082 | Zot:5    | Entered Level 5 of the Realm of Zot
 76231 | Zot:5    | Identified the +6 hunting sling of Ozonen {flame, *Slow
                  | rElec rCorr SInv}
 76737 | Zot:5    | Reached skill level 24 in Dodging
 76781 | Zot:5    | Noticed a dread lich
 76791 | Zot:5    | Killed a dread lich
 76951 | Zot:5    | Noticed an orb of fire
 76953 | Zot:5    | Noticed an orb of fire
 76955 | Zot:5    | Gained mutation: You are dopey. (Int -2) [an orb of fire]
 76962 | Zot:5    | Gained mutation: You are very dopey. (Int -4) [an orb of
                  | fire]
 76963 | Zot:5    | Killed an orb of fire
 76963 | Zot:5    | Gained mutation: You are frail. (-10% HP) [an orb of fire]
 76969 | Zot:5    | Gained mutation: You tend to lose your temper in combat.
                  | [an orb of fire]
 76970 | Zot:5    | Killed an orb of fire
 76971 | Zot:5    | Reached skill level 23 in Fighting
 76974 | Zot:5    | Lost mutation: You are frail. (-10% HP) [potion of
                  | mutation]
 76974 | Zot:5    | Lost mutation: Armour fits poorly on your strangely shaped
                  | body. [potion of mutation]
 76974 | Zot:5    | Gained mutation: You often lose your temper in combat.
                  | [potion of mutation]
 76974 | Zot:5    | Gained mutation: Armour fits poorly on your strangely
                  | shaped body. [potion of mutation]
 76975 | Zot:5    | Lost mutation: You have supernaturally acute eyesight.
                  | (SInv) [potion of mutation]
 76975 | Zot:5    | Lost mutation: You are very dopey. (Int -4) [potion of
                  | mutation]
 76976 | Zot:5    | Lost mutation: You are dopey. (Int -2) [potion of mutation]
 76976 | Zot:5    | Lost mutation: Armour fits poorly on your strangely shaped
                  | body. [potion of mutation]
 76976 | Zot:5    | Gained mutation: Armour fits poorly on your strangely
                  | shaped body. [potion of mutation]
 76976 | Zot:5    | Gained mutation: You have a somewhat thin skeletal
                  | structure. (Dex +2, Stealth+) [potion of mutation]
 76977 | Zot:5    | Lost mutation: You often lose your temper in combat.
                  | [potion of mutation]
 76977 | Zot:5    | Lost mutation: Armour fits poorly on your strangely shaped
                  | body. [potion of mutation]
 76977 | Zot:5    | Gained mutation: Armour fits poorly on your strangely
                  | shaped body. [potion of mutation]
 77445 | Zot:5    | Learned a level 1 spell: Apportation
 77446 | Zot:5    | Got the Orb of Zot
 77779 | D:13     | Reached skill level 24 in Unarmed Combat
 78024 | D:$      | Escaped with the Orb!

Illustrated notes

Levels and vault maps discovered:
D:1:      dpeg_arrival_simpleton_c, layout_rooms, serial_glass, glass_columns_b,
          glass_columns_c, shapermc_ecumenical_altar_mp_vishouse,
          nrook_campfire, grunt_decor_fettered
D:2:      layout_rooms, uniq_jessica
D:3:      layout_rooms, serial_bayou, serial_bayou_pond_d, serial_bayou_shore_b,
          serial_bayou_shore_b, serial_bayou_pond_e, lightli_sewer_entry_pipes,
          uniq_grinder
D:4:      layout_rooms, minmay_misc_feat_tiny
D:5:      layout_rooms, uniq_crazy_yiuf_cottage
D:6:      layout_layer_cave, minmay_temple_entry_gardened_gates,
          minmay_fractal_squares_5
D:7:      layout_gridville
D:8:      layout_cave_pools, minmay_crystal_room, hangedman_ranch,
          uniq_prince_ribbit1, uniq_erica, uniq_maggie
D:9:      layout_roguey, nicolae_ru_awakened_eye
D:10:     layout_irregular_city, enter_bailey_3, minivault_28, uniq_nergalle,
          uniq_snorg, uniq_psyche
D:11:     layout_cave_pools, lair_entry_dummy, minmay_orc_entry_temple_small,
          serial_glass, glass_columns_a, glass_columns_a, feat_on_display,
          nzn_life_drinkers
D:12:     layout_roguey, nicolae_dithmenos_the_darkroom, uniq_fannar
D:13:     layout_roguey, david_vaults_4, portal_ice_cave_demonic_guard
D:14:     layout_loops_ring, minmay_misc_feat_pillars, minmay_misc_feat_doors,
          uniq_kirke, uniq_agnes
D:15:     grunt_enter_depths_magical_seal, layout_cave_pools, serial_shops,
          nicolae_shop_window_shopping, ebering_ghost_funeral_grove,
          hangedman_abyss_or_decor_stabs, nicolae_lava_and_water
Temple:   nicolae_temple_the_god_donut
Lair:1:   layout_small_grid, grunt_forest_small_clearing_treed
Lair:2:   nzn_winding_woodlands_three_and_one
          [nzn_winding_woodlands_5x15_river_crossing,
          nzn_winding_woodlands_5x15_zeroes, nzn_winding_woodlands_5x15_default,
          nzn_winding_woodlands_center_diamonds], layout_cave_pods,
          minmay_shoals_entry_lonely_mermaid, nicolae_spider_entry_non_spiders,
          serial_bayou_shore_b, serial_bayou_shore_b
Lair:3:   layout_cave_pods, wad_woods_river_01
Lair:4:   layout_cave_pods, serial_forest, infiniplex_forest_pool,
          infiniplex_forest_straight_5, infiniplex_forest_clump_double,
          infiniplex_forest_straight_5, infiniplex_forest_clump_diagonal,
          infiniplex_forest_lined_corner, infiniplex_forest_lined_1,
          infiniplex_forest_clump_tiny, chequers_serial_rivers_large_a,
          serial_bayou_shore_b
Lair:5:   layout_regular_city, chequers_serial_rivers_small_b,
          minmay_lair_oklob_chamber, uniq_rupert
Lair:6:   gammafunk_lair_ancient_temple, layout_layer_cave, slime_altar_1,
          kennysheep_abandoned_house
Shoals:1: layout_shoals, nicolae_shoals_arrival_archipelago
Shoals:2: layout_shoals, nicolae_specific_store
Shoals:3: layout_shoals, ebering_ghost_reflecting_pool,
          nicolae_shoals_water_elemental_grotto
Shoals:4: shoals_end_hangedman, layout_shoals, nicolae_shoals_nautilus_by_nature
Spider:1: layout_spider_delve, gammafunk_ghost_abyssal_escape, special_room
          [special_room_bee], drop_trap
Spider:2: layout_spider_delve
Spider:3: layout_spider_delve, hangedman_spider_tarantella_strand, uniq_arachne
Spider:4: guppyfry_spider_rune, nicolae_arachne_temple, uniq_bai_suzhen,
          uniq_roxanne
Orc:1:    layout_diamond_mine, serial_shops, nicolae_shop_overgrown_old_shop,
          mines2_david, uniq_josephine
Orc:2:    st_orc_town, layout_caves, serial_shops, nicolae_shop_statue_plus,
          basic_altar, nicolae_shop_overcharged_wands, uniq_saint_roka
Vaults:1: nicolae_vaults_ring_of_whatevers, nicolae_vaults_asterisk,
          nicolae_vaults_little_squares_1, nicolae_vaults_little_squares_1,
          v_misc_5, v_misc_24, vaults_mumra_bighexcomb,
          nicolae_vaults_sealed_display, v_misc_2, nicolae_vaults_rhombus_7,
          ontoclasm_vaults_chip, vaults_dpeg_ring, vaults_dpeg_encased_lava,
          v_misc_29, layout_vaults_omnicross
Vaults:2: minmay_crypt_entry_simple_sparse, v_alt_pattern_1, grunt_vaults_swirl,
          nicolae_vaults_big_angled_halls,
          vaults_standard_mumra_enter_the_diamond, nicolae_vaults_triangles,
          nicolae_vaults_big_ls, v_misc_29, nicolae_vaults_theta,
          ontoclasm_vaults_decontamination, v_misc_25,
          nicolae_vaults_windows_and_doors_thing, vaults_dpeg_hooks,
          nicolae_vaults_angled_halls, grunt_vaults_hallway_short,
          nicolae_vaults_little_squares_1, layout_vaults_ring
Vaults:3: v_misc_9, nicolae_vaults_network_barrier,
          hangedman_vaults_stretched_pinwheel, ontoclasm_vaults_idyll,
          v_misc_15, ontoclasm_vaults_ligature, layout_vaults_chaotic_city
Vaults:4: advil_vaults_ghost_lines, v_rooms_1, grunt_vaults_trifunnel,
          nicolae_vaults_network_quinsquares
          [nicolae_vaults_network_quincunx_subvault,
          nicolae_vaults_network_quincunx_subvault,
          nicolae_vaults_network_quincunx_subvault,
          nicolae_vaults_network_quincunx_subvault], v_misc_10,
          hangedman_vaults_slice, nicolae_vaults_little_ls, vaults_room_fours,
          ontoclasm_vaults_loading_screen, layout_vaults_quadrants, uniq_mara
Vaults:5: uniq_margery
Depths:1: layout_small_grid, serial_sigils_hangedman_confine, hell_entry,
          nzn_wu_jian_council_hall
Depths:2: hangedman_spin_cycle, abyss_entry, hell_entry, serial_shops
Depths:3: minmay_the_grid_3x3 [minmay_the_grid_armoury,
          minmay_the_grid_dragon_b, minmay_the_grid_embedded,
          minmay_the_grid_all_tris, minmay_the_grid_empty,
          minmay_the_grid_rooms, minmay_the_grid_doors,
          minmay_the_grid_dragon_a, minmay_the_grid_prize_inner_circle],
          layout_cave_pools, pan_entry, minivault_11, grunt_hell_horde,
          nicolae_hepliaklqana_hazy_memory
Depths:4: minmay_strange_plus, layout_cave_pools, hell_entry,
          abyss_entry_crystal, chequers_serial_rivers_small_3,
          serial_bayou_shore_a, uniq_xtahua
Depths:5: evilmike_zot_entry_basic, layout_honeycomb, hellmouth_1, serial_shops,
          nicolae_shop_stone, nicolae_shop_window_shopping, shop,
          nicolae_shop_window_shopping, serial_bayou_shore_b,
          rand_demon_pan_entry_5, hangedman_abyss_entry_splay, minmay_shoptagon,
          grunt_megastairs_2, serial_bayou_shore_b, uniq_sojobo
Zot:1:    layout_misc_corridors, grunt_megastairs_4
Zot:2:    cheibrodos_zot_enchanting_chambers, layout_misc_corridors
Zot:3:    layout_misc_corridors
Zot:4:    layout_basic, kennysheep_underground_church
Zot:5:    layout_basic, hangedman_zot_decor_checkerboard, grunt_ministairs_8

Skill      XL: |  1  2  3  4  5  6  7  8  9 10 11 12 13 14 15 16 17 18 19 20 21 22 23 24 25 26 27 |
---------------+----------------------------------------------------------------------------------+-----
Fighting       | 1 2 3 4 5 6 7 8 10 12 13 14 15 17 18 19 21 23 | 23.3
Polearms       | 2 3 6 7 9 10 | 10.0
Dodging        | 4 7 9 12 14 16 17 18 20 24 | 24.0
Shields        | 2 4 10 13 14 15 | 15.0
Evocations     | 1 2 4 5 8 9 |  9.0
Axes           | 4 7 |  7.0
Translocations | 3 5 |  5.0
Spellcasting   | 5 6 8 9 10 11 12 | 12.0
Armour         | 1 5 |  5.0
Transmutations | 6 11 14 | 14.0
Conjurations   | 3 5 6 7 |  7.0
Earth Magic    | 3 7 8 |  8.0
Unarmed Combat | 5 10 13 14 15 16 18 20 22 23 24 | 24.0
Necromancy     | 6 8 9 |  9.0
Stealth        | 4 6 |  6.0
Invocations    | 8 10 11 13 | 13.0

Action                   |  1- 3 |  4- 6 |  7- 9 | 10-12 | 13-15 | 16-18 | 19-21 | 22-24 | 25-27 || total
-------------------------+-------+-------+-------+-------+-------+-------+-------+-------+-------++-------
Melee: Unarmed           |    13 |       |       |       |       |  1109 |   913 |   768 |  1018 ||  3821
       Dagger            |    15 |       |       |       |       |       |       |       |       ||    15
       Spear             |       |    53 |       |       |       |       |       |       |       ||    53
       Club              |       |   117 |   177 |       |       |       |       |       |       ||   294
       Tailslap          |       |    13 |       |     4 |     7 |     8 |     6 |       |       ||    38
       Hand axe          |       |       |    76 |   373 |   461 |       |       |       |       ||   910
       Trident           |       |       |       |       |   940 |    71 |    14 |       |       ||  1025
Throw: Dart              |       |       |       |       |       |       |       |     2 |       ||     2
 Cast: Pain              |    54 |    13 |    22 |     5 |       |     2 |       |       |       ||    96
       Irradiate         |       |       |       |       |    52 |    78 |    76 |    73 |    65 ||   344
       Blink             |       |       |       |       |     1 |     1 |       |     1 |     2 ||     5
       Borgnjor's Vile C |       |       |       |       |       |   100 |   104 |   102 |   113 ||   419
       Statue Form       |       |       |       |       |       |    96 |    83 |    78 |    94 ||   351
       Dispel Undead     |       |       |       |       |       |       |     4 |    10 |     3 ||    17
       Death's Door      |       |       |       |       |       |       |     1 |     1 |     2 ||     4
       Maxwell's Capacit |       |       |       |       |       |       |       |     1 |       ||     1
       Borgnjor's Revivi |       |       |       |       |       |       |       |       |     1 ||     1
       Apportation       |       |       |       |       |       |       |       |       |     1 ||     1
Invok: Channel Magic     |       |       |       |       |       |     1 |     1 |     1 |     6 ||     9
       Divine Exegesis   |       |       |       |       |       |       |     1 |     2 |     3 ||     6
 Abil: End Transformatio |       |       |       |       |       |     1 |       |     1 |    10 ||    12
Evoke: Wand              |       |       |       |     5 |    12 |    19 |     2 |     4 |     4 ||    46
       Condenser vane    |       |       |       |       |       |       |     1 |       |       ||     1
       Tin of tremorston |       |       |       |       |       |       |       |       |     1 ||     1
  Use: Scroll            |       |     3 |     4 |     4 |    15 |     4 |     3 |    11 |    11 ||    55
       Potion            |       |     1 |       |     2 |       |     2 |     2 |     4 |    11 ||    22
 Stab: Sleeping          |       |     8 |     7 |     2 |    11 |     5 |     4 |     4 |     5 ||    46
       Distracted        |       |     3 |     7 |    12 |    13 |       |       |       |     2 ||    37
Armor: Robe              |     3 |    42 |    70 |     2 |       |    39 |    15 |     8 |    11 ||   190
       Acid dragon scale |       |       |       |    98 |   489 |     2 |       |       |       ||   589
       Skin              |       |       |       |       |       |  1173 |   728 |   568 |   470 ||  2939
Dodge: Dodged            |    17 |   124 |   167 |   239 |   857 |  1964 |  1177 |   972 |   992 ||  6509
Block: Buckler           |       |     9 |   104 |   104 |   414 |   752 |   396 |       |       ||  1779
       Kite shield       |       |       |       |       |       |       |   275 |  1014 |  1090 ||  2379

Table legend: (Time is in decaauts)
 A = Elapsed time spent in this place.
 B = Non-inter-level travel time spent in this place.
 C = Inter-level travel time spent in this place.
 D = Time resting spent in this place.
 E = Time spent auto-exploring this place.
 F = Levels seen in this place.
 G = Mean time per level.
                   A        B        C        D        E       F      G
               +--------+--------+--------+--------+--------+-----+--------+
         Total |  84066 |  79442 |   4624 |  19176 |  39443 |  50 | 1681.3 |
       Dungeon |  20126 |  18623 |   1503 |   4919 |   9624 |  15 | 1341.7 |
        Temple |     62 |     49 |     13 |      0 |     20 |   1 |   62.0 |
          Lair |  10465 |  10049 |    416 |   2094 |   6598 |   6 | 1744.2 |
        Shoals |   5258 |   5104 |    154 |    440 |   2971 |   4 | 1314.5 |
   Spider Nest |   7498 |   7203 |    295 |    943 |   4057 |   4 | 1874.5 |
  Orcish Mines |   3469 |   3401 |     68 |   1095 |   1582 |   2 | 1734.5 |
        Vaults |  14122 |  12843 |   1279 |   2710 |   6549 |   5 | 2824.4 |
        Depths |  13498 |  12851 |    647 |   4414 |   4813 |   5 | 2699.6 |
           Zot |   7521 |   7276 |    245 |   1686 |   2863 |   5 | 1504.2 |
         Abyss |    720 |    720 |      0 |    216 |      0 |   1 |  720.0 |
         Sewer |    345 |    345 |      0 |    127 |    123 |   1 |  345.0 |
        Bailey |    978 |    978 |      0 |    528 |    240 |   1 |  978.0 |
               +--------+--------+--------+--------+--------+-----+--------+

Top non-repeatable levels by time:
Depths:2: 4420 daAuts
Vaults:2: 4261 daAuts
Vaults:4: 3241 daAuts
  Lair:2: 2740 daAuts
Depths:5: 2667 daAuts
Vaults:3: 2634 daAuts
  Lair:6: 2450 daAuts
Spider:4: 2437 daAuts
Vaults:1: 2425 daAuts
Depths:3: 2306 daAuts
Depths:4: 2207 daAuts
Shoals:4: 1937 daAuts
   Orc:1: 1912 daAuts
Depths:1: 1896 daAuts
    D:14: 1830 daAuts

Table legend:
 A = Kills in this place as a percentage of kills in entire the game.
 B = Kills by you in this place as a percentage of kills by you in the entire game.
 C = Kills by friends in this place as a percentage of kills by friends in the entire game.
 D = Other kills in this place as a percentage of other kills in the entire game.
 E = Experience gained in this place as a percentage of experience gained in the entire game.
 F = Experience gained in this place divided by the number of levels of this place that you have seen.
                   A       B       C       D       E      F
               +-------+-------+-------+-------+-------+----------------------
         Total | 100.0 | 100.0 | 100.0 | 100.0 | 100.0 | 31041.3
       Dungeon |  20.0 |  20.1 |   0.0 |   0.0 |   6.6 | 6792.5
          Lair |   9.5 |   9.5 |   0.0 |   0.0 |   3.6 | 9341.8
        Shoals |   6.4 |   6.4 |   0.0 |  12.5 |   4.6 | 17875.8
   Spider Nest |  12.9 |  12.9 |  50.0 |  12.5 |   7.2 | 27925.5
  Orcish Mines |   5.3 |   5.4 |   0.0 |   0.0 |   1.2 | 9539.0
        Vaults |  17.8 |  17.8 |   0.0 |  25.0 |  25.2 | 78243.2
        Depths |  13.7 |  13.7 |   0.0 |  25.0 |  23.7 | 73484.8
           Zot |  10.9 |  10.8 |  50.0 |  25.0 |  27.0 | 83824.2
         Abyss |   1.7 |   1.7 |   0.0 |   0.0 |   0.8 | 11763.0
         Sewer |   0.5 |   0.5 |   0.0 |   0.0 |   0.0 | 125.0
        Bailey |   1.3 |   1.3 |   0.0 |   0.0 |   0.1 | 2195.0
               +-------+-------+-------+-------+-------+----------------------
